Map: Battle on the Boardwalk LE

Players

Bourbond

  • Race: Terran Terran
  • League: Master
  • Spawn Location: 11:00

LoveGauGau - Winner!

  • Race: Terran Terran
  • League: Master
  • Spawn Location: 1:00

VOD

Have the link to the VOD?

Description

Time

  • Played on: Dec. 25, 2017, 6:32 a.m.
  • Length: 9:06
Show
View Real Time Build Order
Export as new Build Order

Bourbond Terran 

Build Orders: Cyclone Opening, Reaper Expand 

Get SALT Encoding   

  12  0:00  SCV  
  13  0:12  SCV  
  14  0:17  Supply Depot  
  14  0:25  SCV  
  15  0:29  Refinery  
  15  0:38  SCV  
  16  0:46  Barracks  
  16  0:50  SCV  
  17  1:02  SCV  
  18  1:15  SCV  
  19  1:32  Orbital Command  
  19  1:33  Reaper  
  20  1:47  Command Center  
  20  1:58  Factory  
  20  2:02  SCV  
  20  2:08  Barracks Reactor  
  21  2:12  Refinery  
  21  2:15  SCV  
  21  2:21  Supply Depot  
  22  2:28  SCV  
  23  2:43  SCV  
  24  2:46  Cyclone, Marine x2  
  28  2:55  SCV  
  29  3:00  Starport  
  29  3:04  Orbital Command  
  29  3:07  SCV  
  30  3:15  Marine x2  
  32  3:24  Cyclone  
  35  3:28  SCV  
  36  3:36  SCV  
  37  3:43  Viking  
  37  3:47  SCV  
  40  3:56  Barracks Tech Lab  
  40  3:59  SCV  
  40  4:00  SCV  
  40  4:02  Cyclone  
  41  4:12  SCV x2  
  43  4:20  Command Center  
  43  4:24  SCV x2  
  45  4:36  SCV  
  46  4:39  Raven, Barracks Tech Lab  
  46  4:41  Refinery  
  46  4:42  Refinery  
  46  4:43  Engineering Bay  
  48  4:46  Hellion  
  48  4:49  SCV  
  48  4:50  SCV  
  52  5:01  SCV  
  52  5:02  SCV  
  52  5:03  Stimpack  
  54  5:15  Supply Depot x2, Cyclone, Marine, SCV  
  54  5:17  Engineering Bay  
  59  5:21  Barracks  
  59  5:34  Cyclone  
  62  5:43  Starport Reactor  
  41  6:07  SCV  
  36  6:12  Cyclone  
  36  6:13  Cyclone  
  36  6:15  Marine  
  36  6:33  Marine  
  36  6:40  SCV  
  37  6:53  SCV x3  
  33  7:05  SCV x2  
  33  7:06  SCV  
  36  7:16  Cyclone  
  36  7:17  SCV  
  40  7:25  Orbital Command  
  40  7:26  SCV  
  41  7:33  SCV  
  41  7:35  Missile Turret  
  41  7:36  Missile Turret  
  37  7:49  Cyclone  
  39  7:56  SCV  
  39  8:00  Marine x2  
  41  8:06  SCV  
  42  8:12  Raven  
  44  8:29  SCV  
  44  8:30  Hellion  
  44  8:31  Orbital Command  
  44  8:32  Marine  
  44  8:33  Marine  
  49  8:47  SCV  
  49  8:48  SCV  
Show
View Real Time Build Order
Export as new Build Order

LoveGauGau Terran - Winner!

Build Orders:  

Get SALT Encoding   

  12  0:01  SCV  
  13  0:13  SCV  
  14  0:17  Supply Depot  
  14  0:25  SCV  
  15  0:38  SCV  
  15  0:40  Barracks  
  16  0:46  Refinery  
  16  0:50  SCV  
  16  0:54  Refinery  
  17  1:03  SCV  
  18  1:15  SCV  
  19  1:27  SCV  
  19  1:28  Supply Depot  
  19  1:30  Marine  
  21  1:37  Factory  
  21  1:50  Orbital Command, Barracks Reactor  
  21  2:20  Hellion  
  23  2:25  Supply Depot  
  23  2:27  Marine x2  
  23  2:29  SCV  
  26  3:02  Cyclone  
  26  3:03  Command Center  
  29  3:06  Cyclone  
  29  3:09  SCV  
  33  3:21  Starport  
  33  3:29  Engineering Bay  
  33  3:33  SCV  
  34  3:39  Supply Depot  
  34  3:42  Barracks Tech Lab  
  34  3:45  SCV  
  33  3:58  Cyclone  
  35  4:09  Cyclone  
  35  4:15  Banshee  
  36  4:18  Cloaking Field  
  36  4:19  SCV  
  37  4:26  Orbital Command  
  37  4:34  Cyclone  
  37  4:36  SCV  
  41  4:43  Cyclone  
  44  4:48  SCV  
  45  4:56  SCV  
  45  4:57  Supply Depot  
  46  5:00  SCV  
  46  5:02  Banshee  
  50  5:11  SCV  
  50  5:12  SCV  
  52  5:14  Supply Depot  
  52  5:20  Missile Turret  
  52  5:23  SCV  
  52  5:27  Cyclone  
  56  5:29  SCV  
  56  5:32  Refinery  
  57  5:37  Cyclone  
  60  5:47  SCV  
  61  6:00  Cyclone  
  60  6:06  SCV  
  55  6:12  SCV  
  55  6:17  Cyclone  
  55  6:18  SCV  
  51  6:32  Cyclone  
  54  6:36  Command Center, SCV  
  54  6:38  SCV  
  56  6:41  Refinery  
  56  6:45  Supply Depot  
  56  6:48  SCV  
  56  6:50  SCV  
  58  7:00  SCV  
  58  7:01  Cyclone  
  50  7:02  SCV  
  50  7:04  Cyclone  
  52  7:12  Supply Depot, SCV  
  52  7:13  Supply Depot, Factory  
  53  7:17  SCV  
  54  7:24  SCV, Barracks Reactor  
  54  7:29  SCV  
  56  7:32  Banshee  
  56  7:33  Cyclone  
  56  7:36  SCV  
  63  7:41  SCV  
  64  7:48  Cyclone, SCV x2  
  69  7:53  SCV  
  73  8:00  SCV  
  73  8:05  Supply Depot x2, SCV  
  75  8:07  Factory  
  75  8:10  Armory  
  73  8:12  SCV  
  73  8:13  SCV  
  73  8:17  SCV  
  73  8:18  Cyclone  
  73  8:19  Cyclone  
  81  8:23  Supply Depot x2  
  81  8:24  SCV  
  80  8:29  SCV  
  80  8:30  Orbital Command  
  80  8:33  Cyclone  
  83  8:37  SCV  
  87  8:41  SCV  
  87  8:44  Command Center  
  88  8:49  SCV  
  88  8:52  Refinery  
  88  8:53  SCV  
  90  8:56  Refinery  
Tags
 
Add a new tag
Caveats
  • Supply blocks, unpowered buildings, or Contaminate may cause inaccurate times.
  • Supply counts are checked every 10 seconds.